 Dungeon Crawl Stone Soup version 0.17.0-24-gcfadda4 (webtiles) character file.

94 HaroldButt the Gusty (level 4, -1/24 HPs)
             Began as a Deep Elf Air Elementalist on Nov 16, 2015.
             Slain by an orc wizard
             ... wielding a +0 dagger
              (5 damage)
             ... on level 3 of the Dungeon.
             The game lasted 00:06:42 (1343 turns).

HaroldButt the Gusty (Deep Elf Air Elementalist)    Turns: 1343, Time: 00:06:43

Health: -1/24      AC:  2    Str:  5    XL:     4   Next: 38%
Magic:  6/10       EV: 13    Int: 21    God:
Gold:   82         SH:  0    Dex: 15    Spells: 4 memorised, 1 level left

rFire  . . .     SeeInvis .     m - +2 whip (elec)
rCold  . . .     Clarity  .     a - +0 robe
rNeg   . . .     SustAt   .     (no shield)
rPois  .         Gourm    .     (no helmet)
rElec  .         Spirit   .     (no cloak)
rCorr  .         Warding  .     (no gloves)
rMut   .         Stasis   .     (no boots)
MR     .....                    (no amulet)
Stlth  ++........               (no ring)
                                (no ring)

@: very slightly contaminated, not resistant to hostile enchantments, unstealthy
A: no striking features
a: no special abilities


You were on level 3 of the Dungeon.
You were not hungry.

You visited 1 branch of the dungeon, and saw 3 of its levels.

You collected 82 gold pieces.

Inventory:

Hand Weapons
 m - a +2 whip of electrocution (weapon)
Armour
 a - a +0 robe (worn)
Scrolls
 d - a scroll of enchant armour {unknown}
 g - a scroll of identify {unknown}
 i - a scroll of fear {unknown}
 k - a scroll of recharging {unknown}
 l - 2 scrolls of remove curse {unknown}
 n - a scroll of blinking {unknown}
 o - a scroll of magic mapping {unknown}
Potions
 h - a potion of agility {unknown}
 j - a potion of invisibility {unknown}
 p - a potion of degeneration {unknown}
Books
 b - a book of Air

   Spells                             Type                      Level
   a - Shock                          Conjuration/Air              1
   b - Swiftness                      Charms/Air                   2
   c - Repel Missiles                 Charms/Air                   2
   d - Static Discharge               Conjuration/Air              3
   e - Lightning Bolt                 Conjuration/Air              5
Comestibles
 c - 2 bread rations
 f - a meat ration


   Skills:
 - Level 2.4 Dodging
 - Level 2.4 Stealth
 - Level 3.0 Spellcasting
 + Level 3.3 Conjurations
 + Level 4.2 Air Magic


You had one spell level left.
You knew the following spells:

 Your Spells              Type           Power        Failure   Level  Hunger
a - Shock                 Conj/Air       ###.         2%          1    None
b - Swiftness             Chrm/Air       ##......     12%         2    ##.....
c - Repel Missiles        Chrm/Air       ##....       12%         2    ##.....
d - Static Discharge      Conj/Air       ###.....     10%         3    ###....


Dungeon Overview and Level Annotations

Branches:
Dungeon (3/15)

Altars:


Message History

The orc is heavily wounded.
The zap hits the orc.
The orc is heavily wounded.
The orc wizard closely misses you.
An orc priest comes into view.
Casting: Shock
Confirm with . or Enter, or press ? or * to list all spells.
Aiming: Shock
Press: ? - help, Shift-Dir - straight line, f/p - orc wizard
Aim: an orc wizard, wielding a dagger and wearing a robe (heavily wounded, fast)
The zap hits the orc wizard.
The orc wizard is heavily wounded.
The zap hits the orc.
You kill the orc!
The zap hits the orc.
You kill the orc!
The zap hits the orc.
You kill the orc!
The orc wizard barely misses you. The orc wizard hits you with a dagger.
You die...

#.# # #.# .. #.#
#.r####.# .o.#...##
.o.#..#.#.#####
<.............#
.##.o#.#o###r#####
#.....o...o.)))o@.#
..###########o###.#
#.# #.# #.# #.# #.#
#.# #(###.#
####.....#
#........#
#.######.#


You could see an orc priest, an orc wizard, 2 orcs and a rat.

Vanquished Creatures
  Ijyb (D:2)
  2 adders (D:2)
  2 worms
  A giant gecko (D:1)
  4 orcs (D:3)
  A giant cockroach (D:1)
  2 goblins (D:2)
  5 hobgoblins
  4 jackals (D:2)
  6 bats (D:1)
  4 giant newts
  6 kobolds
  2 rats (D:2)
40 creatures vanquished.

Vanquished Creatures (others)
  An orc (D:3)
  A hobgoblin (D:3)
2 creatures vanquished.

Grand Total: 42 creatures vanquished

Notes
Turn   | Place    | Note
--------------------------------------------------------------
     0 | D:1      | HaroldButt the Deep Elf Air Elementalist began the quest for the Orb.
     0 | D:1      | Reached XP level 1. HP: 10/10 MP: 6/6
   323 | D:1      | Reached XP level 2. HP: 15/15 MP: 5/8
   556 | D:1      | Learned a level 2 spell: Swiftness
   559 | D:1      | Learned a level 2 spell: Repel Missiles
   625 | D:2      | Noticed Ijyb
   627 | D:2      | Reached XP level 3. HP: 19/19 MP: 7/9
   634 | D:2      | Killed Ijyb
   634 | D:2      | Reached skill level 4 in Air Magic
   643 | D:2      | Learned a level 3 spell: Static Discharge
   883 | D:2      | Reached XP level 4. HP: 21/24 MP: 10/10
  1343 | D:3      | Slain by an orc wizard

Action                   |  1- 3 |  4- 6 || total
-------------------------+-------+-------++-------
Melee: Unarmed           |     2 |       ||     2
       Whip              |    29 |    21 ||    50
 Cast: Shock             |    33 |    11 ||    44
  Use: Potion            |       |     1 ||     1
 Stab: Sleeping          |     4 |     1 ||     5
       Distracted        |     1 |       ||     1
  Eat: Chunk             |       |     1 ||     1
